 Dungeon Crawl Stone Soup version 0.27.1-34-g3ba077fa99 (webtiles) character file.

Game seed: 12750606266327618106

120085 Sharkman1231 the Severer (level 15, -9/126 HPs)
             Began as a Demigod Conjurer on Jan 29, 2022.
             Killed from afar by a shock serpent (14 damage)
             ... with a bolt of electricity
             ... on level 1 of the Snake Pit on Jan 30, 2022.
             The game lasted 00:49:45 (32751 turns).

Sharkman1231 the Severer (Demigod Conjurer)        Turns: 32751, Time: 00:49:46

Health: -9/126     AC: 23    Str: 12    XL:     15   Next: 82%
Magic:  26/26      EV: 12    Int: 28    God:
Gold:   3095       SH:  8    Dex: 20    Spells: 13/24 levels left

rFire    + + .     SeeInvis .   a - +1 broad axe (freeze)
rCold    . . .     Faith    .   O - +2 buckler
rNeg     + . .     Spirit   .   p - +0 fire dragon scales
rPois    +         Reflect  .   t - +0 helmet
rElec    .         Harm     .   P - +2 cloak
rCorr    .         Rampage  .   I - +2 pair of gloves of Prudence {Regen+}
Will     ++++.     Clarity  +   N - +2 pair of boots {Stlth+}
Stlth    ++........             X - amulet of the Four Winds {rN+ Will+++ Clar}
HPRegen  1.31/turn              z - ring of protection from cold
MPRegen  0.20/turn              S - ring of poison resistance

@: lethally poisoned (-9 -> -9), on berserk cooldown, slowed, very slow
A: high mp 1, forlorn
a: no special abilities


You were on level 1 of the Snake Pit.
You visited 4 branches of the dungeon, and saw 24 of its levels.
You also visited: Ossuary and Gauntlet.

You collected 4086 gold pieces.
You spent 991 gold pieces at shops.

Inventory:

Hand Weapons
 a - a +1 broad axe of freezing (weapon)
 U - a +0 hand axe of electrocution
Missiles
 i - 12 curare-tipped darts (quivered)
Armour
 p - +0 fire dragon scales (worn)
 s - a +0 kite shield
 t - a +0 helmet (worn)
 B - +0 ice dragon scales
 I - the +2 pair of gloves of Prudence (worn) {Regen+}
   (You bought it in a shop on level 9 of the Dungeon)

   Regen:     It increases your rate of health regeneration.
 N - a +2 pair of boots of stealth (worn)
 O - a +2 buckler (worn)
 P - a +2 cloak (worn)
Jewellery
 e - a +4 ring of slaying
 j - a +4 ring of evasion
 l - a ring of protection from fire
 z - a ring of protection from cold (left hand)
 F - a ring of flight
 H - a ring of protection from fire
 L - an amulet of regeneration
 S - a ring of poison resistance (right hand)
 X - the amulet of the Four Winds (around neck) {rN+ Will+++ Clar}
   (You found it in a Gauntlet)

   [amulet of nothing]

   rN:        It protects you from negative energy.
   Clar:      It protects you against confusion.
   Will:      It greatly increases your willpower.
Wands
 g - a wand of polymorph (37)
 k - a wand of iceblast (33)
 x - a wand of mindburst (24)
 y - a wand of flame (35)
 R - a wand of paralysis (5)
Scrolls
 b - 2 scrolls of teleportation
 f - 6 scrolls of immolation
 h - 4 scrolls of fog
 v - 3 scrolls of brand weapon
 w - a scroll of identify
 D - 3 scrolls of holy word
 G - 2 scrolls of vulnerability
 J - 5 scrolls of enchant armour
 K - 2 scrolls of summoning
 M - 6 scrolls of fear
 V - 4 scrolls of magic mapping
Potions
 c - 9 potions of ambrosia
 d - 6 potions of curing
 m - a potion of heal wounds
 n - 3 potions of attraction
 o - 3 potions of flight
 q - 5 potions of haste
 r - 2 potions of resistance
 u - 2 potions of mutation
 A - 4 potions of cancellation
 C - 2 potions of invisibility
 T - a potion of might
 Y - a potion of berserk rage
 Z - a potion of brilliance
Miscellaneous
 Q - a phial of floods (inert)
 W - a phantom mirror (inert)


   Skills:
 - Level 10.0 Fighting
 + Level 16.6 Axes
 - Level 3.6 Throwing
 - Level 9.9 Armour
 - Level 7.3 Dodging
 - Level 1.7 Stealth
 - Level 4.0 Shields
 - Level 5.1 Spellcasting
 - Level 10.0 Conjurations
 - Level 6.9 Translocations
 - Level 4.8 Transmutations


You had 13 spell levels left.
You knew the following spells:

 Your Spells              Type           Power      Damage    Failure   Level
a - Magic Dart            Conj           100%       1d8       1%          1
b - Searing Ray           Conj           100%       3d7       1%          2
c - Blink                 Tloc           N/A        N/A       3%          2
d - Iskenderun's Mystic   Conj/Tloc      53%        2d11      10%         4
e - Wereblood             Tmut           34%        N/A       7%          2

Your spell library contained the following spells:

 Spells                   Type           Power      Damage    Failure   Level
 Lesser Beckoning         Tloc           23%        N/A       6%          3
 Dazzling Flash           Conj/Hex       70%        N/A       13%         3
 Passage of Golubria      Tloc           N/A        N/A       19%         4
 Corona                   Hex            7%         N/A       32%         1
 Summon Small Mammal      Summ           28%        N/A       32%         1
 Fulminant Prism          Conj/Hex       17%        3d11      38%         4
 Ensorcelled Hibernation  Hex/Ice        14%        N/A       45%         2
 Sublimation of Blood     Necr           3%         N/A       45%         2
 Manifold Assault         Tloc           46%        N/A       47%         5
 Call Canine Familiar     Summ           7%         N/A       69%         3
 Frozen Ramparts          Ice            14%        1d3       69%         3
 Summon Guardian Golem    Hex/Summ       7%         N/A       69%         3
 Tukima's Dance           Hex            7%         N/A       69%         3
 Lightning Bolt           Conj/Air       17%        1d32      75%         5
 Ice Form                 Ice/Tmut       20%        N/A       77%         4
 Freezing Cloud           Conj/Ice/Air   12%        6-21      93%         5
 Airstrike                Air            3%         N/A       97%         4
 Summon Ice Beast         Ice/Summ       7%         N/A       97%         4
 Summon Lightning Spire   Summ/Air       7%         N/A       97%         4
 Yara's Violent Unravell  Hex/Tmut       10%        3d6       98%         5
 Orb of Destruction       Conj           29%        9d11      99%         7
 Simulacrum               Ice/Necr       3%         N/A       100%        6
 Spellforged Servitor     Conj/Summ      17%        N/A       100%        7
 Summon Hydra             Summ           3%         N/A       100%        7
 Polar Vortex             Ice            3%         N/A       100%        9


Dungeon Overview and Level Annotations

Branches:
Dungeon (15/15)            Temple (0/1) D:5            Lair (6/6) D:9
  Swamp (0/4) Lair:4        Snake (1/4) Lair:4        Slime (0/5) Lair:6
    Orc (2/2) D:9             Elf (0/3) Orc:2        Vaults (0/5) D:14
 Depths (0/5) D:15        Ossuary (visited)         Gauntlet (visited)

Shops:
D:5 !   D:9 [   D:12 *   D:13 [*((?   Orc:2 *[:[

Portals:
Trove: D:13 (show abyssal rune of Zot)

Annotations:
D:12 3 runed translucent doors, exclusion: obsidian statue, JJisdabomb's ghost, journeyman DsFE
Lair:4 3 runed translucent doors, Kuerar's ghost, journeyman BaFi
Lair:6 2 transporters, exclusion: oklob plant, growler's ghost, journeyman TeAE
Snake:1 Nikola


Innate Abilities, Weirdness & Mutations

Your attributes grow dramatically as you level up.
You have an increased reservoir of magic. (+10% MP)
You shall have no god before yourself.


Message History

You hit Aizul but do no damage.
Aizul is almost dead.
You feel sick. Aizul closely misses you.
Unknown command.
You slice Aizul!! You freeze Aizul.
You kill Aizul!
You feel sick.
The salamander hits you but does no damage.
Unknown command.
You feel very sick.
Unknown command.
You feel a strong urge to attack something.
You feel sick.
Unknown command.
You are no longer berserk.
You are exhausted.
You feel yourself slow down.
You feel sick.
You feel much better.
You feel very sick. The shock serpent closely misses you.
Aiming: Polymorph
Press: ? - help, Shift-Dir - straight line, f - shock serpent
Aim: a shock serpent (will become a yaktaur, a wolf spider, or an eye of devastation, chance to affect: 28%)
The shock serpent easily resists.
You feel sick. The shock serpent misses you. The shock serpent bites you.
* * * LOW HITPOINT WARNING * * *
The shock serpent shocks you!
* * * LOW HITPOINT WARNING * * *
The salamander hits you from afar with a +4 trident!
* * * LOW HITPOINT WARNING * * *
You are engulfed in flames.
You resist.
* * * LOW HITPOINT WARNING * * *
Unknown command.
Blink to where?
Press: ? - help, Dir - move target, p - shock serpent
As you read the scroll of blinking, it crumbles to dust.
You feel sick.
The shock serpent shoots out a bolt of lightning at you!
The bolt of electricity hits you!
You die...

#.# #S# # #.# .##
#)######..# #.......#
#.......# ##
#.......# #.#
#.......#..≈ #.#
#...@...'..≈ ##.#
##......##.≈ ..#
#......# #####.#
#......#
#.....###############
......S.N....#.....#
......†#####†##.##.#
.......# ###+#...#.#
.......# #"†[..###.#


You could see a shock serpent.

Vanquished Creatures
  Agnes (D:15)
  A fire giant (D:15)
  Aizul (Snake:1)
  Nessos (Orc:2)
  A minotaur (Gauntlet)
  2 fire dragons
  10 hydras
  8 vault guards (D:14)
  A catoblepas (Lair:6)
  A naga warrior (Snake:1)
  Erolcha (D:9)
  5 boulder beetles
  3 centaur warriors
  An ogre mage (D:15)
  A death knight (D:13)
  The ghost of DrStoges the Blocker, a novice TrMo of Gozag (D:9)
  2 tengu warriors (D:14)
  A death scarab (Gauntlet)
  6 two-headed ogres
  13 death yaks
  Urug (Lair:3)
  4 orc high priests (Orc:2)
  Sonja (D:10)
  A shock serpent (Snake:1)
  6 skeletal warriors
  A glowing orange brain (Gauntlet)
  A swamp dragon (Lair:6)
  A naga ritualist (Snake:1)
  The ghost of KittyFluff the Basher, a novice GrBe of Trog (D:7)
  A phantasmal warrior (D:14)
  2 lindwurms
  3 deep elf pyromancers
  4 orc knights
  3 mana vipers (Snake:1)
  8 orc sorcerers
  18 ugly things
  A deep elf zephyrmancer (D:10)
  A manticore (D:15)
  3 cyclopes
  6 elephants
  A naga mage (Snake:1)
  A molten gargoyle (D:13)
  7 black mambas
  10 cane toads
  10 komodo dragons
  4 yaktaurs (D:15)
  3 rime drakes
  6 tengu conjurers (D:14)
  5 trolls
  11 polar bears
  A queen bee (Lair:1)
  A tyrant leech (shapeshifter) (D:14)
  A tyrant leech (Lair:4)
  6 slime creatures (D:13)
  3 raiju (Lair:6)
  A dream sheep (Lair:6)
  8 blink frogs
  3 flying skulls (Gauntlet)
  2 shadows
  A fire elemental (D:13)
  Eustachio (D:5)
  7 basilisks
  2 wraiths
  53 yaks
  7 wargs
  3 steam dragons
  3 vampire mosquitoes (D:15)
  A swamp worm (Lair:4)
  6 nagas
  A spectral cane toad (Gauntlet)
  3 acid dragons
  15 water moccasins
  12 hell hounds (Lair:6)
  26 orc warriors
  5 swamp drakes (Lair:6)
  2 sky beasts
  2 ice beasts
  16 black bears
  12 centaurs
  12 ogres
  29 wolves
  3 phantoms
  2 kobold brigands
  11 bullfrogs
  2 elf zombies (Ossuary)
  A gnoll sergeant (D:9)
  5 scorpions
  A wyvern skeleton (D:7)
  35 killer bees
  2 electric eels (D:9)
  A howler monkey (D:4)
  A bullfrog zombie (D:5)
  7 centaur zombies
  A crimson imp (D:9)
  A lava snake (D:13)
  4 jellies
  9 hounds
  14 orc priests
  3 centaur skeletons
  Terence (D:3)
  7 iguanas
  15 orc wizards
  Natasha (thrice) (D:4)
  A killer bee zombie (D:9)
  2 mummies (Ossuary)
  8 gnolls
  5 adders
  3 white imps
  An ufetubus (D:5)
  An adder zombie (D:5)
  2 adder skeletons (D:4)
  3 worms
  5 dart slugs
  58 orcs
  10 ball pythons
  15 endoplasms
  2 giant cockroaches
  2 hobgoblins (D:3)
  14 kobolds
  10 quokkas
  3 bats
  6 frilled lizards
  6 goblins
  3 goblin zombies (Ossuary)
  11 hobgoblin zombies (Ossuary)
  A jackal zombie (Ossuary)
  12 kobold zombies (Ossuary)
  6 orc zombies (Ossuary)
  20 rats
  A rat zombie (Ossuary)
771 creatures vanquished.

Vanquished Creatures (others)
  A yak (Lair:6)
  An orc priest (Orc:2)
  An iguana (Lair:6)
  30 fungi
  69 plants
  A withered plant (D:2)
103 creatures vanquished.

Grand Total: 874 creatures vanquished

Notes
Turn   | Place    | Note
-------+----------+-------------------------------------------
     0 | D:1      | Sharkman1231 the Demigod Conjurer began the quest for the
                  | Orb.
     0 | D:1      | Reached XP level 1. HP: 14/14 MP: 5/5
   292 | D:1      | Reached XP level 2. HP: 18/20 MP: 1/7
   930 | D:2      | Reached XP level 3. HP: 26/26 MP: 0/9
  1922 | D:2      | Reached XP level 4. HP: 33/33 MP: 4/10
  1925 | D:2      | Learned a level 2 spell: Searing Ray
  2010 | D:3      | Noticed Terence
  2015 | D:3      | Killed Terence
  2150 | D:3      | Reached skill level 5 in Conjurations
  2232 | D:3      | Reached XP level 5. HP: 38/38 MP: 6/12
  2402 | D:3      | Learned a level 2 spell: Blink
  2629 | D:3      | Noticed an ogre
  2632 | D:3      | Killed an ogre
  2843 | D:3      | Reached XP level 6. HP: 34/45 MP: 8/14
  3512 | D:4      | Noticed Natasha
  3515 | D:4      | Killed Natasha
  3516 | D:4      | Reached skill level 1 in Axes
  3631 | D:4      | Found a sand-covered staircase.
  3641 | Ossuary  | Entered an ossuary
  3870 | Ossuary  | Reached XP level 7. HP: 40/50 MP: 16/16
  3906 | Ossuary  | Reached skill level 2 in Axes
  4151 | D:4      | Noticed Natasha
  4154 | D:4      | Killed Natasha
  4269 | D:4      | Noticed Natasha
  4273 | D:4      | Killed Natasha
  4814 | D:5      | Entered Level 5 of the Dungeon
  4965 | D:5      | Found a staircase to the Ecumenical Temple.
  5170 | D:5      | Reached skill level 3 in Axes
  5461 | D:5      | Reached XP level 8. HP: 57/57 MP: 13/18
  5559 | D:5      | Found Xetuorch's Distillery.
  5684 | D:5      | Bought a potion of mutation for 120 gold pieces
  5684 | D:5      | Bought a potion of heal wounds for 75 gold pieces
  6119 | D:5      | Noticed Eustachio
  6124 | D:5      | Killed Eustachio
  6125 | D:5      | Reached skill level 5 in Spellcasting
  7023 | D:6      | Reached skill level 5 in Dodging
  7227 | D:7      | Reached XP level 9. HP: 56/62 MP: 12/20
  7842 | D:7      | Noticed KittyFluff's ghost (novice GrBe)
  7845 | D:7      | Found a transporter.
  7872 | D:7      | Found a transporter.
  8827 | D:7      | Reached skill level 4 in Axes
  9204 | D:8      | Reached skill level 1 in Fighting
  9204 | D:8      | Reached skill level 1 in Translocations
  9836 | D:8      | Learned a level 4 spell: Iskenderun's Mystic Blast
 10214 | D:9      | Found a runed translucent gate.
 10214 | D:9      | Found a runed translucent gate.
 10214 | D:9      | Found a runed translucent gate.
 10218 | D:9      | Noticed DrStoges's ghost (novice TrMo)
 10468 | D:9      | Reached skill level 5 in Axes
 10792 | D:9      | Reached XP level 10. HP: 55/77 MP: 17/21
 11190 | D:9      | Found a staircase to the Orcish Mines.
 11192 | D:9      | Noticed Erolcha
 11196 | D:9      | Killed Erolcha
 11197 | D:9      | Reached skill level 6 in Axes
 11392 | D:9      | Found a staircase to the Lair.
 11863 | D:9      | Noticed a two-headed ogre
 11875 | D:9      | Killed a two-headed ogre
 11876 | D:9      | Reached skill level 5 in Fighting
 11876 | D:9      | Reached skill level 5 in Translocations
 11931 | D:9      | Found Paojot's Armour Shoppe.
 11939 | D:9      | Bought the +2 pair of gloves of Prudence {Regen+} for 258
                  | gold pieces
 12075 | D:10     | Entered Level 10 of the Dungeon
 12473 | D:10     | Noticed a deep elf zephyrmancer
 12487 | D:10     | Killed a deep elf zephyrmancer
 12781 | D:10     | Reached skill level 7 in Axes
 12895 | D:11     | Noticed Sonja
 12901 | D:10     | Killed Sonja
 12995 | D:11     | Noticed a five-headed hydra
 13109 | D:9      | Bought a +2 pair of boots of stealth for 258 gold pieces
 13266 | D:11     | Killed a five-headed hydra
 13267 | D:11     | Reached XP level 11. HP: 36/89 MP: 12/22
 13588 | D:11     | Reached skill level 1 in Armour
 13906 | D:11     | Identified the +6 long sword "Itugug" {vorpal, +Blink rElec
                  | Str+7 Dex-3}
 14199 | D:12     | Identified the ring of the Doge {Wiz rF- Will+ Dex+7
                  | Stlth+}
 14307 | D:12     | Noticed a two-headed ogre
 14327 | D:12     | Killed a two-headed ogre
 14328 | D:12     | Reached skill level 8 in Axes
 14377 | D:12     | Noticed a boulder beetle
 14404 | D:12     | Killed a boulder beetle
 14912 | D:12     | Found a runed translucent gate.
 14912 | D:12     | Found a runed translucent gate.
 14913 | D:12     | Found a runed translucent gate.
 14913 | D:12     | Noticed a great orb of eyes
 14913 | D:12     | Noticed an obsidian statue
 14915 | D:12     | Noticed a two-headed ogre
 14920 | D:12     | Noticed JJisdabomb's ghost (journeyman DsFE)
 14921 | D:12     | Noticed a tengu reaver
 14922 | D:12     | Found Uremp's Assorted Antiques.
 14984 | D:13     | Found Zeladwec's Weapon Shop.
 14992 | D:13     | Bought a +1 broad axe of venom for 153 gold pieces
 14997 | D:13     | Found Ciyntuir's Armour Shop.
 15073 | D:13     | Noticed a skeletal warrior
 15150 | D:13     | Found Tuusaucs's Magic Scroll Emporium.
 15158 | D:13     | Bought a scroll of magic mapping for 49 gold pieces
 15172 | D:13     | Found Deloxydgh's Weapon Emporium.
 15174 | D:13     | Found a gate leading to a gauntlet.
 15185 | Gauntlet | Entered a Gauntlet
 15185 | Gauntlet | Found a transporter.
 15185 | Gauntlet | Found a transporter.
 15185 | Gauntlet | Found a large runed translucent door.
 15185 | Gauntlet | Found a large runed translucent door.
 15185 | Gauntlet | Found a large runed translucent door.
 15185 | Gauntlet | Found a large runed translucent door.
 15185 | Gauntlet | Found a large runed translucent door.
 15185 | Gauntlet | Found a large runed translucent door.
 15185 | Gauntlet | Found a runed translucent door.
 15185 | Gauntlet | Found a runed translucent door.
 15185 | Gauntlet | Found a large runed translucent door.
 15185 | Gauntlet | Found a large runed translucent door.
 15185 | Gauntlet | Found a large runed translucent door.
 15185 | Gauntlet | Found a large runed translucent door.
 15185 | Gauntlet | Found a large runed translucent door.
 15185 | Gauntlet | Found a large runed translucent door.
 15189 | Gauntlet | Found a transporter.
 15189 | Gauntlet | Found a transporter.
 15192 | Gauntlet | Noticed a tengu warrior
 15197 | Gauntlet | Noticed a necromancer
 15213 | Gauntlet | Found a transporter.
 15221 | Gauntlet | Found a transporter.
 15221 | Gauntlet | Found a transporter.
 15224 | Gauntlet | Found a transporter.
 15224 | Gauntlet | Noticed a reaper
 15234 | Gauntlet | Noticed a glowing orange brain
 15245 | Gauntlet | Found a transporter.
 15252 | Gauntlet | Found a transporter.
 15265 | Gauntlet | Found a large runed translucent door.
 15266 | Gauntlet | Found a large runed translucent door.
 15268 | Gauntlet | Found a runed translucent gate.
 15269 | Gauntlet | Found a runed translucent gate.
 15270 | Gauntlet | Found a runed translucent gate.
 15270 | Gauntlet | Found a transporter.
 15270 | Gauntlet | Noticed a death scarab
 15288 | Gauntlet | Found a large runed translucent door.
 15289 | Gauntlet | Found a large runed translucent door.
 15316 | Gauntlet | Found a transporter.
 15331 | Gauntlet | Found the amulet of the Four Winds {rN+ Will+++ Clar}
 15332 | Gauntlet | Found a transporter.
 15423 | Gauntlet | Found a transporter.
 15432 | Gauntlet | Found a transporter.
 15448 | Gauntlet | Found a transporter.
 15562 | Gauntlet | Killed a death scarab
 15781 | Gauntlet | Killed a glowing orange brain
 15782 | Gauntlet | Reached skill level 5 in Armour
 15934 | Gauntlet | Noticed a minotaur
 15947 | Gauntlet | Killed a minotaur
 16005 | D:13     | Reached XP level 12. HP: 97/97 MP: 15/23
 16896 | D:13     | Found Tamanes's General Store.
 16922 | D:13     | Found a portal to a secret trove of treasure.
 17699 | D:14     | Noticed a boulder beetle
 17783 | D:14     | Found a gate to the Vaults.
 17783 | D:14     | Noticed a vault guard
 17783 | D:14     | Noticed a vault guard
 17783 | D:14     | Noticed a vault guard
 17783 | D:14     | Noticed a vault guard
 17783 | D:14     | Noticed a vault guard
 17783 | D:14     | Noticed a vault guard
 17783 | D:14     | Noticed a vault guard
 17783 | D:14     | Noticed a vault guard
 17854 | D:14     | Killed a boulder beetle
 17896 | D:14     | Killed a vault guard
 17949 | D:14     | Killed a vault guard
 17952 | D:14     | Killed a vault guard
 18002 | D:14     | Killed a vault guard
 18003 | D:14     | Reached XP level 13. HP: 74/107 MP: 5/24
 18041 | D:14     | Reached skill level 9 in Axes
 18355 | D:14     | Reached skill level 1 in Shields
 19314 | D:15     | Entered Level 15 of the Dungeon
 19314 | D:15     | Noticed Agnes
 19463 | D:15     | Found a staircase to the Depths.
 19488 | D:15     | Reached skill level 10 in Conjurations
 19689 | Orc:1    | Entered Level 1 of the Orcish Mines
 20040 | Orc:2    | Entered Level 2 of the Orcish Mines
 20178 | Orc:2    | Found a staircase to the Elven Halls.
 20400 | Orc:2    | Reached skill level 10 in Axes
 20571 | Orc:2    | Noticed Nessos
 21007 | Orc:2    | Killed Nessos
 21214 | Orc:2    | Found a runed translucent door.
 21564 | Orc:1    | Learned a level 2 spell: Wereblood
 21592 | Orc:2    | Reached skill level 1 in Transmutations
 21664 | Orc:2    | Found Noit Voi's Assorted Antiques.
 21669 | Orc:2    | Found Caup's Book Shop.
 21673 | Orc:2    | Bought a scroll of identify for 54 gold pieces
 21673 | Orc:2    | Bought a viscous white potion for 24 gold pieces
 21676 | Orc:2    | Found Ibbesuf's Antique Armour Shop.
 21678 | Orc:2    | Found Cihe's Armour Shoppe.
 22074 | Lair:1   | Entered Level 1 of the Lair of Beasts
 22084 | Lair:1   | Reached XP level 14. HP: 106/119 MP: 25/25
 23234 | Lair:2   | Reached skill level 11 in Axes
 24531 | Lair:3   | Noticed Urug
 24554 | Lair:3   | Killed Urug
 24555 | Lair:3   | Reached skill level 12 in Axes
 25141 | Lair:4   | Found a staircase to the Snake Pit.
 25256 | Lair:4   | Reached skill level 10 in Fighting
 25462 | Lair:4   | Found a staircase to the Swamp.
 25523 | Lair:4   | Found a runed translucent gate.
 25524 | Lair:4   | Found a runed translucent gate.
 25525 | Lair:4   | Found a runed translucent gate.
 25529 | Lair:4   | Noticed Kuerar's ghost (journeyman BaFi)
 25657 | Lair:4   | Identified the +5 flail of Tir Qidu {elec, rElec Int+4}
 26255 | Lair:5   | Reached skill level 13 in Axes
 26397 | Lair:5   | Identified the +2 long sword of Pobriogg {flame, Contam
                  | MP+9 Dex+4}
 27208 | Lair:6   | Entered Level 6 of the Lair of Beasts
 27313 | Lair:6   | Found a transporter.
 27594 | Lair:6   | Noticed growler's ghost (journeyman TeAE)
 27685 | Lair:6   | Found a transporter.
 27842 | Lair:6   | Reached skill level 14 in Axes
 27842 | Lair:6   | Reached XP level 15. HP: 91/126 MP: 26/26
 27895 | Lair:6   | Found a staircase to the Slime Pits.
 28454 | Lair:6   | Reached skill level 15 in Axes
 29422 | Lair:6   | Identified a scroll of acquirement
 29422 | Lair:6   | Acquired 769 gold pieces
 30014 | D:15     | Noticed a fire giant
 30031 | D:15     | Killed a fire giant
 30271 | D:15     | Killed Agnes
 30272 | D:15     | Reached skill level 16 in Axes
 30920 | D:9      | Killed DrStoges's ghost
 31253 | D:7      | Killed KittyFluff's ghost
 31653 | D:7      | Found a transporter.
 31664 | D:7      | Found a transporter.
 32171 | Snake:1  | Entered Level 1 of the Snake Pit
 32317 | Snake:1  | Noticed Nikola
 32499 | Snake:1  | HP: 2/126 [black mamba (6)]
 32719 | Snake:1  | Noticed Aizul
 32745 | Snake:1  | Killed Aizul
 32750 | Snake:1  | HP: 5/126 [salamander (4)]
 32751 | Snake:1  | Killed from afar by a shock serpent

Illustrated notes

Levels and vault maps discovered:
D:1:      ncdulo_halloftheorcs, layout_rooms, minmay_bisected
D:2:      layout_loops_ring, ebering_ecumenical_altar_petrified
D:3:      layout_loops_ring, nicolae_kikubaaqudgha_miasma_corner, st_stairs_10,
          minmay_rat_hole, uniq_terence
D:4:      layout_basic, enter_ossuary_2, hex_tiny, minmay_vboxes, uniq_natasha
D:5:      layout_cave_pools, lemuel_zombie_altar_yredelemnul,
          nicolae_uskayaw_suspiria, chequers_temple_overflow_statue_of_worship,
          mainiacjoe_overflow_two_lobes, minmay_temple_entry_statues_pillars,
          serial_shops, shop, minivault_5, patterned_corridor, uniq_eustachio
D:6:      layout_loops_ring
D:7:      layout_layer_cave, mainiacjoe_overflow_concentric_impassable,
          gammafunk_ghost_smash
D:8:      layout_rooms, minmay_stone_trees_small
D:9:      layout_roguey, erik_lair_island, david_orc_1_choice,
          ebering_ghost_rock_garden, serial_shops, shop,
          amcnicky_mini_rare_corridor_liquid, minmay_fire_ice_demons,
          uniq_erolcha
D:10:     layout_basic, jmf_multi_god_temple, minmay_librarian
D:11:     layout_loops_ring, uniq_sonja
D:12:     layout_rooms, ebering_ghost_gozag
D:13:     layout_big_octagon, serial_shops, nicolae_square_shop, shop,
          nicolae_shop_crystal, nicolae_stop_n_shop_1, shop, enter_trove_3,
          gauntlet_entry_generic, chequers_serial_rivers_large_b
D:14:     layout_basic, erik_vaults_2, chequers_serial_rivers_marsh
D:15:     grunt_enter_depths_giant_problem, layout_cave_pools, uniq_agnes
Lair:1:   beast_lair_carwin_large_2, layout_small_grid, special_room
          [special_room_bee], lemuel_fruit_fields
Lair:2:   layout_regular_city, beast_lair_carwin_8
Lair:3:   layout_chaotic_city, beast_lair_carwin_5, uniq_urug
Lair:4:   layout_gridlike, palyth_hydra_swamp_entry,
          minmay_snake_entry_guardpost_medium, maelrawn_ghost_gauntlet_escape,
          guppyfry_lair_drakes
Lair:5:   layout_cave_pods
Lair:6:   guppyfry_lair_end_dragon, layout_regular_city,
          hangedman_lair_caniforms_friends, nicolae_slime_entry_slimehenge,
          nzn_ghost_randoct, chequers_serial_rivers_small_b,
          serial_bayou_shore_b, infiniplex_staircase_pool
Snake:1:  layout_basic, drop_trap, guppyfry_snake_island, uniq_roxanne,
          uniq_aizul, uniq_nikola
Orc:1:    layout_caves, basic_altar, nicolae_orc_tapped_out
Orc:2:    st_orc_elflike, layout_caves, lightli_church_of_beogh, uniq_nessos

Skill      XL: |  1  2  3  4  5  6  7  8  9 10 11 12 13 14 15 |
---------------+----------------------------------------------+-----
Spellcasting   | 2 3 4 5 |  5.1
Conjurations   | 4 5 6 7 8 9 10 | 10.0
Axes           | 1 3 5 7 8 10 14 16 | 16.6
Dodging        | 5 7 |  7.3
Fighting       | 3 6 7 9 10 | 10.0
Translocations | 3 6 |  6.9
Armour         | 6 9 |  9.9
Throwing       | 3 |  3.6
Shields        | 4 |  4.0
Transmutations | 3 4 |  4.8
Stealth        | |  1.7

Action                   |  1- 3 |  4- 6 |  7- 9 | 10-12 | 13-15 || total
-------------------------+-------+-------+-------+-------+-------++-------
Melee: Hand axe          |       |   122 |   217 |   268 |       ||   607
       Broad axe         |       |       |       |    77 |  1706 ||  1783
Throw: Dart              |       |       |       |     6 |     8 ||    14
 Cast: Magic Dart        |    74 |    33 |    79 |    34 |     3 ||   223
       Searing Ray       |       |    14 |    40 |    87 |    45 ||   186
       Iskenderun's Myst |       |       |       |     8 |    25 ||    33
       Blink             |       |       |       |     4 |     4 ||     8
       Wereblood         |       |       |       |       |    32 ||    32
Evoke: Wand              |       |       |       |    12 |    20 ||    32
       Phantom mirror    |       |       |       |     1 |     1 ||     2
       Phial of floods   |       |       |       |       |     1 ||     1
  Use: Scroll            |       |     7 |     7 |     7 |    18 ||    39
       Potion            |       |       |       |       |    11 ||    11
 Stab: Sleeping          |       |     2 |       |     1 |       ||     3
       Paralysed         |       |       |       |     3 |     4 ||     7
       Distracted        |       |       |       |       |     1 ||     1
       Confused          |       |       |       |       |     1 ||     1
Armor: Ring mail         |     5 |    52 |   113 |    26 |       ||   196
       Robe              |     1 |       |       |       |       ||     1
       Ice dragon scales |       |       |       |   228 |   844 ||  1072
       Steam dragon scal |       |       |       |     8 |       ||     8
       Fire dragon scale |       |       |       |       |   144 ||   144
       Scale mail        |       |       |       |       |    26 ||    26
Dodge: Dodged            |     9 |   121 |   265 |   377 |  1433 ||  2205
Block: Other             |       |       |       |    24 |       ||    24
       Buckler           |       |       |       |       |   797 ||   797
